 Dungeon Crawl Stone Soup version 0.29.0-4-gdea44cf6ec (webtiles) character file.

Game seed: 11309494052839153700

87 qw the Chopper (level 4, 0/26 HPs)
             Began as a Tengu Warper on Aug 28, 2022.
             Succumbed to a kobold's poison
             ... on level 3 of the Dungeon.
             The game lasted 00:00:12 (2550 turns).

qw the Chopper (Tengu Warper)                       Turns: 2550, Time: 00:00:12

Health: 0/26       AC:  5    Str: 14    XL:     4   Next: 51%
Magic:  8/8        EV: 11    Int: 13    God:
Gold:   157        SH:  0    Dex: 13    Spells: 7/7 levels left

rFire   . . .      SeeInvis .   Y - +0 hand axe (chaos)
rCold   . . .      Faith    .   (no shield)
rNeg    . . .      Spirit   .   f - +0 ring mail
rPois   .          Reflect  .   (helmet restricted)
rElec   .          Harm     .   (no cloak)
rCorr   .          Rampage  .   (no gloves)
Will    .....                   (boots unavailable)
Stlth   +.........              (no amulet)
HPRegen 0.08/turn               (no ring)
MPRegen 0.11/turn               (no ring)

@: lethally poisoned (0 -> -13)
A: beak, talons 3
a: no special abilities


You were on level 3 of the Dungeon.
You visited 1 branch of the dungeon, and saw 3 of its levels.

You collected 157 gold pieces.


Innate Abilities, Weirdness & Mutations

You have a beak for a mouth.
You have claws for feet.


   Skills:
 - Level 2.0 Fighting
 + Level 5.1 Axes
 - Level 1.0 Throwing
 - Level 1.1 Armour
 - Level 2.1 Dodging
 - Level 2.0 Spellcasting
 - Level 2.4 Translocations


You had 7 spell levels left.
You didn't know any spells.
Your spell library contained the following spells:

 Spells                   Type           Power      Damage    Failure   Level
 Blink                    Tloc           14%        N/A       30%         2
 Gell's Gravitas          Tloc           7%         N/A       52%         3
 Lesser Beckoning         Tloc           7%         N/A       52%         3
 Teleport Other           Tloc           7%         N/A       52%         3
 Manifold Assault         Tloc           7%         N/A       99%         5

Inventory:

Hand Weapons
 h - a +0 whip
 Y - a +0 hand axe of chaos (weapon)
Armour
 f - a +0 ring mail (worn)
Scrolls
 e - a scroll of teleportation
 g - 2 scrolls of identify
Potions
 a - a potion of haste {unknown}
 c - a potion of heal wounds {unknown}
 d - a potion of berserk rage {unknown}
 l - a potion of might

Dungeon Overview and Level Annotations

Branches:
Dungeon (3/15)

Altars:
Cheibriados
Vehumet

Shops:
D:1 =


Message History

You see here a +0 trident.
Found a stone staircase leading up.
Enter note:
Enter note:
There is a stone staircase leading up here.
Found 3 stones.
Found a stone staircase leading up.
Enter note:
There is a stone staircase leading up here.
Found a radiant altar of Vehumet.
Enter note: You now have 157 gold pieces (gained 13).
Found a snail-covered altar of Cheibriados.
Enter note: The kobold throws a poisoned dart.
The poisoned dart barely misses you.
The kobold throws a poisoned dart.
The poisoned dart hits you!
You are poisoned.
You feel very sick.
You feel sick.
The kobold throws a poisoned dart.
The poisoned dart closely misses you.
2544 ||| FLEEEEING.
You feel sick.
The kobold throws a poisoned dart.
The poisoned dart hits you!
You are more poisoned.
2545 ||| FLEEEEING.
You feel very sick.
The kobold throws a poisoned dart.
The poisoned dart hits you.
You are lethally poisoned!
2546 ||| FLEEEEING.
You feel very sick.
The kobold throws a poisoned dart.
The poisoned dart barely misses you.
2547 ||| FLEEEEING.
You feel very sick.
2548 ||| FLEEEEING.
You feel very sick.
The kobold throws a poisoned dart.
The poisoned dart hits you!
You are more poisoned.
2549 ||| FLEEEEING.
You feel very sick.
2550 ||| FLEEEEING.
You die...

########### ..........#
#########.####
#....##### ####
###.##.....# ...#
#...........#
.......~¤~~~~~~~.##
##.###.¤......¤¤¤.######
......¤~.¤¤~¤~¤~@......#
##.##..~.¤¤..~.¤.#.###.#
##.~.¤¤~.~.~¤#.#
..~...¤¤~.....#
.~~~~~¤¤~~..##
.¤¤¤¤.K~.## .¤.~~~.¤.#
¤¤.._~.¤¤# .~~~~¤.~.#


You could see a kobold.

Vanquished Creatures
  Ijyb (D:3)
  2 adders (D:2)
  A worm (D:2)
  2 dart slugs
  5 endoplasms
  A giant cockroach (D:3)
  A goblin (D:2)
  3 hobgoblins (D:1)
  3 quokkas
  2 ball pythons
  3 bats (D:2)
  3 frilled lizards (D:1)
  4 kobolds
  5 rats
36 creatures vanquished.

Notes
Turn   | Place    | Note
-------+----------+-------------------------------------------
     0 | D:1      | qw the Tengu Warper began the quest for the Orb.
     0 | D:1      | Reached XP level 1. HP: 12/12 MP: 4/4
     0 | D:1      | 0 ||| qw: Version: 0.1-a-89-g26bdef1
     0 | D:1      | 0 ||| qw: Game counter: 1733
     0 | D:1      | 0 ||| qw: Always use a shield: true
     0 | D:1      | 0 ||| qw: God list: Okawaru
     0 | D:1      | 0 ||| qw: Allow faded altars: false
     0 | D:1      | 0 ||| qw: Do Orc after D:15 true
     0 | D:1      | 0 ||| qw: Do second Lair branch before Depths: true
     0 | D:1      | 0 ||| qw: Lair rune preference: random
     0 | D:1      | 0 ||| qw: Plans: Normal
     0 | D:1      | 0 ||| PLANNING D:1-11
    64 | D:1      | Found Mosojes's Jewellery Boutique.
    73 | D:1      | 73 ||| SHOPLISTING +6 ring of strength (360 gold, have 40).
    73 | D:1      | 73 ||| SHOPLISTING amulet of regeneration (300 gold, have
                  | 40).
    73 | D:1      | 73 ||| SHOPLISTING ring "Fyal" {rCorr Str+6} (486 gold,
                  | have 40).
    73 | D:1      | 73 ||| SHOPLISTING ring of willpower (250 gold, have 40).
    86 | D:1      | Found a faded altar of an unknown god.
   187 | D:1      | HP: 3/12 [quokka (3)]
   189 | D:1      | Reached XP level 2. HP: 5/17 MP: 6/6
   460 | D:1      | Reached skill level 3 in Axes
   922 | D:1      | 922 ||| DROPPING +0 club.
   928 | D:1      | 928 ||| READING scroll labelled TUNYD SAULLA.
   931 | D:1      | 931 ||| READING 2 scrolls labelled UDOLAW KECVOTAEPP.
   932 | D:1      | 932 ||| DROPPING scroll of blinking.
   956 | D:2      | Reached XP level 3. HP: 21/21 MP: 7/7
  1158 | D:2      | Reached skill level 4 in Axes
  1242 | D:2      | 1242 ||| Stepping ~*~*~tactically~*~*~ (hiding).
  1245 | D:2      | 1245 ||| Stepping ~*~*~tactically~*~*~ (stealth).
  1979 | D:2      | 1979 ||| UPGRADING to +0 ring mail.
  1989 | D:2      | 1989 ||| DROPPING +0 leather armour.
  1990 | D:2      | 1990 ||| READING scroll labelled IBOUKE KOTTOM.
  1991 | D:2      | 1991 ||| READING scroll labelled SEWESE UCWO.
  1992 | D:2      | 1992 ||| READING scroll labelled RUAGONEK HIE.
  1993 | D:2      | 1993 ||| READING 2 scrolls labelled UCHEDWUSOI.
  1994 | D:2      | 1994 ||| DRINKING 2 puce potions.
  1995 | D:2      | 1995 ||| DROPPING scroll of amnesia.
  2057 | D:3      | Reached XP level 4. HP: 26/26 MP: 8/8
  2068 | D:3      | Noticed Ijyb
  2069 | D:3      | 2069 ||| Stepping ~*~*~tactically~*~*~ (hiding).
  2070 | D:3      | 2070 ||| Stepping ~*~*~tactically~*~*~ (hiding).
  2095 | D:3      | Killed Ijyb
  2096 | D:3      | Reached skill level 5 in Axes
  2521 | D:3      | Found a radiant altar of Vehumet.
  2536 | D:3      | Found a snail-covered altar of Cheibriados.
  2544 | D:3      | 2544 ||| FLEEEEING.
  2545 | D:3      | 2545 ||| FLEEEEING.
  2546 | D:3      | 2546 ||| FLEEEEING.
  2547 | D:3      | 2547 ||| FLEEEEING.
  2548 | D:3      | 2548 ||| FLEEEEING.
  2548 | D:3      | HP: 6/26 [poisoned by a kobold]
  2549 | D:3      | 2549 ||| FLEEEEING.
  2550 | D:3      | 2550 ||| FLEEEEING.
  2550 | D:3      | Succumbed to a kobold's poison

Levels and vault maps discovered:
D:1:      minmay_arrival_arboretum_small, layout_rooms,
          dreamdust_ecumenical_altar_statues, serial_shops, shop,
          minmay_misc_feat_chi
D:2:      layout_basic, minivault_24
D:3:      layout_loops_ring, fedhas_altar_4, lemuel_crystal_altar,
          mainiacjoe_overflow_catwalk_spiral, nicolae_figureground_sparkle,
          uniq_ijyb

Skill      XL: |  1  2  3  4 |
---------------+-------------+-----
Axes           | 3 4 5 |  5.1
Fighting       | |  2.0
Throwing       | |  1.0
Armour         | |  1.1
Dodging        | |  2.1
Spellcasting   | |  2.0
Translocations | |  2.4

Action                   |  1- 3 |  4- 6 || total
-------------------------+-------+-------++-------
Melee: Hand axe          |    75 |    26 ||   101
       Kick              |    20 |     8 ||    28
       Peck              |     8 |     2 ||    10
       Punch             |     1 |       ||     1
Throw: Boomerang         |     7 |       ||     7
  Use: Scroll            |     6 |       ||     6
       Potion            |     1 |       ||     1
Armor: Leather armour    |    10 |       ||    10
       Ring mail         |       |     5 ||     5
Dodge: Dodged            |    33 |    18 ||    51

Table legend:
 A = Non-vault XP
 B = Vault XP
 C = Vault XP percentage of total XP
 D = Non-vault monster count
 E = Vault monster count
 F = Vault count percentage of total count
                 A         B        C        D         E       F
            +---------+---------+-------+---------+---------+-------
      Total |      86 |      39 |  31.2 |      35 |       1 |   2.8
            +---------+---------+-------+---------+---------+-------
        D:1 |      25 |       0 |   0.0 |      15 |       0 |   0.0
        D:2 |      56 |       0 |   0.0 |      17 |       0 |   0.0
        D:3 |       5 |      39 |  88.6 |       3 |       1 |  25.0
            +---------+---------+-------+---------+---------+-------
